 Dungeon Crawl Stone Soup version 0.25.0-10-g039870e (webtiles) character file.

Game seed: 1813138183648830612

276972 shmeve the Hoplite (level 19, -12/201 HPs)
             Began as a Minotaur Berserker on June 23, 2020.
             Was the Champion of Trog.
             Killed from afar by a crystal guardian (26 damage)
             ... with a crystal bolt
             ... on level 3 of the Vaults on June 24, 2020.
             The game lasted 01:25:40 (36906 turns).

shmeve the Hoplite (Minotaur Berserker)            Turns: 36906, Time: 01:25:40

Health: -12/201    AC: 35    Str: 33    XL:     19   Next: 59%
Magic:  19/19      EV: 12    Int:  5    God:    Trog [******]
Gold:   2915       SH: 26    Dex: 12    Spells: 18/18 levels left

rFire    . . .     SeeInvis +   r - +11 broad axe of Fortitude {vorpal, rN+}
rCold    . . .     Gourm    .   R - +0 tower shield
rNeg     + . .     Faith    .   w - +4 crystal plate armour
rPois    .         Spirit   .   j - +0 hat of Uskayaw's Inspiration {SInv}
rElec    .         Reflect  .   F - +0 cloak
rCorr    .         Harm     .   S - +1 pair of gloves {archery}
MR       ++++.                  h - +2 pair of boots
Stlth    ..........             L - amulet of regeneration
HPRegen  1.83/turn              Q - +6 ring of strength
MPRegen  0.16/turn              o - ring of protection from magic

@: about to teleport, berserk cooldown, regenerating, slowed, very slow
A: retaliatory headbutt, horns 2, high mp 1, sense surroundings 1, robust 1
}: 2/15 runes: decaying, serpentine
a: Berserk, Trog's Hand, Brothers in Arms, Renounce Religion


You were on level 3 of the Vaults.
You worshipped Trog.
Trog was exalted by your worship.
You were not hungry.

You visited 7 branches of the dungeon, and saw 35 of its levels.
You visited the Abyss 3 times.
You also visited: Ossuary.

You collected 3163 gold pieces.
You spent 248 gold pieces at shops.

Inventory:

Hand Weapons
 r - the +11 broad axe of Fortitude (weapon) {vorpal, rN+}
   (Trog gifted it to you on level 5 of the Lair of Beasts)

   It inflicts extra damage upon your enemies.
   It protects you from negative energy.
 W - the +11 broad axe of Dullness {flame, +Inv Str+4}
   (Trog gifted it to you on level 15 of the Dungeon)

   It has been specially enchanted to burn those struck by it, causing extra
   injury to most foes and up to half again as much damage against particularly
   susceptible opponents.
   Big, fiery blades are also staple armaments of hydra-hunters.
   It affects your strength (+4).
   It lets you turn invisible.
Missiles
 a - 15 boomerangs (quivered)
 l - 5 throwing nets
 y - 7 javelins
 T - 7 silver boomerangs
Armour
 h - a +2 pair of boots (worn)
 j - the +0 hat of Uskayaw's Inspiration (worn) {SInv}
   (You acquired it on level 1 of the Vaults)

   It lets you see invisible.
 w - a +4 crystal plate armour (worn)
 F - a +0 cloak (worn)
 R - a +0 tower shield (worn)
 S - a +1 pair of gloves of archery (worn)
Jewellery
 k - an uncursed ring of protection from fire
 o - a ring of protection from magic (right hand)
 L - an amulet of regeneration (around neck)
 M - a +4 ring of protection
 Q - a +6 ring of strength (left hand)
 Y - an uncursed ring of positive energy
 Z - an uncursed ring of poison resistance
Wands
 x - a wand of acid (8)
 K - a wand of paralysis (4)
 N - a wand of digging (2)
 U - a wand of iceblast (5)
Scrolls
 e - 18 scrolls of identify
 g - 2 scrolls of fear
 m - a scroll of blinking
 n - 4 scrolls of magic mapping
 p - a scroll of enchant armour
 s - 16 scrolls of remove curse
 t - 12 scrolls of teleportation
 u - 4 scrolls of fog
 v - 8 scrolls of enchant weapon
 D - a scroll of silence {unknown}
Potions
 b - 14 potions of curing
 d - 4 potions of heal wounds
 f - 2 potions of brilliance {unknown}
 i - 3 potions of magic {unknown}
 q - a potion of experience {unknown}
 z - 5 potions of flight
 A - 4 potions of might {unknown}
 B - 6 potions of stabbing {unknown}
 C - 13 potions of lignification
 E - 2 potions of ambrosia {unknown}
 G - 4 potions of degeneration {unknown}
 H - 4 potions of berserk rage {unknown}
 I - a potion of invisibility
 O - a potion of resistance
 P - 2 potions of haste
Comestibles
 c - 47 rations


   Skills:
 * Level 19.4 Fighting
 * Level 19.3 Axes
 + Level 12.2 Throwing
 + Level 14.4 Armour
 + Level 13.5 Dodging
 * Level 21.9 Shields


You had 18 spell levels left.
You didn't know any spells.
Your spell library was empty.

Dungeon Overview and Level Annotations

Branches:
Dungeon (15/15)            Temple (1/1) D:6            Lair (6/6) D:11
  Swamp (4/4) Lair:2        Snake (4/4) Lair:2        Slime (0/5) Lair:5
    Orc (2/2) D:12            Elf (0/3) Orc:2        Vaults (3/5) D:14
  Crypt (0/3) Vaults:2     Depths (0/5) D:15        Ossuary (visited)

Altars:
Ashenzari
Elyvilon
Kikubaaqudgha
Makhleb
Okawaru
Qazlal
Ru
Trog
Uskayaw
Wu Jian
Xom
Yredelemnul
Beogh
Jiyva

Shops:
D:7 (   Orc:2 ([*=   Snake:2 !


Innate Abilities, Weirdness & Mutations

You reflexively headbutt those who attack you in melee.
You have a pair of horns on your head.
You have an increased reservoir of magic. (+10% MP)
You passively map a small area around you.
You are robust. (+10% HP)


Message History

The deep troll claws you!
* * * LOW HITPOINT WARNING * * *
The crystal guardian hits you.
* * * LOW HITPOINT WARNING * * *
As you read the scroll of teleportation, it crumbles to dust.
You feel strangely unstable. You block the deep troll's attack. x2
The deep troll claws you but does no damage.
You block the ironheart preserver's attack.
The deep troll closely misses you. x2; The deep troll claws you.
* * * LOW HITPOINT WARNING * * *
The deep troll bites you!
* * * LOW HITPOINT WARNING * * *
You block the deep troll's attack.
The deep troll claws you but does no damage.
The deep troll bites you but does no damage.
The deep troll misses you.
The deep troll claws you but does no damage.
The crystal guardian fires a crystalline bolt at you.
The crystal bolt freezes you!!
You die...

, #...........# ,
,#...........* * ,
#(.........#### *
8#######..........#...
,, ,
....§§.......o....#...
..○§§....°..o....#... *
..§§§.......T....#...
##++#..)...8TT...#... ,
, , #(.)...p@T...# ,, *
,,#......T.....# ,,
#................ ,
#................ , , ,
,#................ ,
,#................ , * ,
#................ , , ,
#+######..........######
* , , ,#...............


You could see an ironheart preserver, an orc knight (sheltered), a crystal
guardian, 5 deep trolls and an orc warrior (strong).

Vanquished Creatures
  Sojobo (Vaults:3)
  Vashnia (Snake:3)
  A bone dragon (Abyss:2)
  Asterion (Snake:1)
  A tentacled monstrosity (Swamp:3)
  A lich (Vaults:2)
  An Executioner (Abyss:2)
  A tengu reaver (Vaults:3)
  Agnes (Snake:1)
  5 thorn hunters
  Kirke (Snake:4)
  Donald (Vaults:1)
  9 nagarajas
  4 vault wardens
  Louise (Swamp:2)
  The ghost of shummie the Cleaver, a journeyman DDFi of Makhleb (Orc:2)
  4 ironheart preservers
  A draconian knight (Abyss:2)
  2 very ugly things
  The ghost of Magic41 the Fighter, a journeyman MiFi of Hepliaklqana (Orc:2)
  2 stone giants (Orc:2)
  A dire elephant (Lair:6)
  3 ettins (Orc:2)
  Josephine (Snake:1)
  A great orb of eyes (shapeshifter) (D:15)
  2 yaktaur captains
  Fannar (D:10)
  A rakshasa (Vaults:1)
  3 great orbs of eyes
  The ghost of jejorda2 the Spear-Bearer, a journeyman MfVM of Okawaru (Orc:2)
  23 hydras
  7 naga warriors
  3 shambling mangroves
  2 ghost crabs
  2 death knights
  2 catoblepae (Lair:6)
  A vault guard (Vaults:1)
  7 centaur warriors
  10 two-headed ogres
  4 anacondas
  4 ogre magi
  7 death yaks (Lair:6)
  14 alligators
  2 deep troll earth magi (Vaults:1)
  A deep troll shaman (Lair:6)
  7 shock serpents
  3 thrashing horrors
  14 naga sharpshooters
  Sonja (Lair:5)
  11 skeletal warriors
  2 salamander mystics
  5 hell knights (Abyss:2)
  The ghost of mordus the Slasher, a novice FoFi of Qazlal (D:6)
  A deep troll (Vaults:1)
  A deep troll (shapeshifter) (D:14)
  An unseen horror (D:15)
  A deep elf archer (Vaults:2)
  A flayed ghost (Vaults:2)
  2 wizards (Vaults:1)
  4 ironbrand convokers
  9 naga ritualists
  4 spriggan druids
  A necromancer (Abyss:2)
  10 orc knights
  A lindwurm (D:14)
  A wolf spider (Vaults:1)
  9 swamp dragons
  A deep elf mage (Vaults:2)
  12 salamanders
  4 orc sorcerers
  5 mana vipers
  22 ugly things
  5 oklob plants
  12 cyclopes
  2 manticores (D:14)
  A toenail golem (Abyss:2)
  4 large abominations (Abyss:2)
  2 guardian serpents
  3 centaur zombies
  21 black mambas
  7 elephants
  The ghost of reptisaurus the Ducker, a novice SpTm of the Shining One (D:6)
  7 vault sentinels
  2 torpor snails (Lair:6)
  A gargoyle (D:14)
  15 spiny frogs
  29 naga magi
  A smoke demon (Abyss:2)
  A kobold demonologist (D:15)
  3 centaur skeletons
  A spiny frog (shapeshifter) (Vaults:2)
  7 yaktaurs
  A rime drake (Lair:5)
  A komodo dragon (shapeshifter) (Vaults:2)
  6 freezing wraiths
  6 komodo dragons
  An ice devil (Abyss:2)
  12 trolls
  10 tyrant leeches
  A merfolk (D:12)
  A troll (shapeshifter) (Vaults:2)
  A raiju (shapeshifter) (Vaults:1)
  2 meliai zombies
  4 polar bears
  7 bog bodies
  11 slime creatures
  24 blink frogs
  5 dream sheep (Lair:6)
  6 raiju (Abyss:2)
  3 flying skulls
  10 hornets
  9 hippogriffs
  7 spriggans
  3 basilisks
  2 shadows
  3 hogs (Snake:4)
  3 fire bats (Lair:4)
  A vampire (D:14)
  3 wyverns
  A yak (shapeshifter) (Vaults:1)
  A yaktaur simulacrum (Vaults:2)
  60 yaks
  3 water elementals (D:11)
  3 steam dragons
  5 wraiths
  A golden eye (shapeshifter) (Vaults:1)
  37 vampire mosquitoes
  3 hungry ghosts
  A chaos spawn (Vaults:1)
  6 insubstantial wisps (Swamp:2)
  A warg (D:12)
  Menkaure (Ossuary)
  A harpy simulacrum (D:15)
  38 nagas
  13 swamp worms
  10 porcupines
  12 water moccasins
  An acid dragon (D:14)
  A hornet zombie (D:7)
  12 swamp drakes
  6 sky beasts
  5 black bears
  2 eyes of draining
  20 orc warriors
  10 ice beasts
  A black bear (shapeshifter) (Vaults:1)
  19 boggarts
  24 ogres
  4 phantoms
  16 wolves
  16 centaurs
  13 crocodiles
  3 big kobolds
  2 gnoll sergeants
  17 bullfrogs
  A wyvern zombie (D:13)
  A water moccasin zombie (D:11)
  5 scorpions
  5 jellies
  12 killer bees
  11 wights
  2 electric eels (D:11)
  8 crimson imps
  6 howler monkeys
  6 small abominations (Abyss:2)
  5 starcursed masses (Abyss:2)
  A bullfrog zombie (D:13)
  2 bullfrog skeletons (D:4)
  21 orc priests
  13 hounds
  2 iron imps (Abyss:2)
  19 orc wizards
  Natasha (twice) (D:4)
  4 worker ants
  A killer bee zombie (D:6)
  2 human simulacra (D:12)
  2 hound zombies
  3 mummies (Ossuary)
  10 gnolls
  2 howler monkey skeletons
  6 adders
  2 shadow imps
  A white imp (Vaults:1)
  An ufetubus (Abyss:2)
  An adder skeleton (D:5)
  An adder zombie (D:6)
  2 dart slugs
  4 worms
  4 leopard geckos
  66 orcs
  8 bats
  3 giant cockroaches
  6 goblins
  9 hobgoblins
  11 jackals
  4 quokkas
  3 ball pythons
  2 frilled lizards
  9 gnoll skeletons (Ossuary)
  3 gnoll zombies (Ossuary)
  5 goblin skeletons (Ossuary)
  3 goblin zombies (Ossuary)
  A hobgoblin skeleton (Ossuary)
  5 hobgoblin zombies (Ossuary)
  16 kobolds
  3 kobold skeletons (Ossuary)
  4 kobold zombies (Ossuary)
  A leopard gecko skeleton (D:6)
  4 orc skeletons (Ossuary)
  6 orc zombies (Ossuary)
  6 rats
  3 rat skeletons (Ossuary)
  4 rat zombies (Ossuary)
  13 briar patches
  7 fungi
  4 plants
1292 creatures vanquished.

Vanquished Creatures (collateral kills)
  A naga warrior (Snake:4)
  The ghost of dickylongcocking the Frost Mage, a journeyman HuIE of Kikubaaqudgha (D:11)
  A naga sharpshooter (Snake:4)
  A naga mage (Snake:4)
  A spriggan (D:11)
  A wolf (D:11)
6 creatures vanquished.

Vanquished Creatures (others)
  A tengu reaver (Vaults:3)
  A spiny frog (Swamp:3)
  A spriggan (Swamp:4)
  A swamp worm (Swamp:3)
  A naga (Snake:4)
  2 boggarts (Vaults:2)
  A wight (D:13)
  A briar patch (Swamp:4)
  A bush (Lair:1)
  13 fungi
  A lurking horror (Abyss:2)
  19 plants
  2 starspawn tentacles (Abyss:3)
45 creatures vanquished.

Grand Total: 1343 creatures vanquished

Notes
Turn   | Place    | Note
-------+----------+-------------------------------------------
     0 | D:1      | shmeve the Minotaur Berserker began the quest for the Orb.
     0 | D:1      | Reached XP level 1. HP: 19/19 MP: 0/0
   302 | D:1      | Reached XP level 2. HP: 27/27 MP: 1/1
  1282 | D:2      | Found a burning altar of Makhleb.
  1286 | D:2      | Reached XP level 3. HP: 31/33 MP: 2/2
  1505 | D:2      | Found a sacrificial altar of Ru.
  1618 | D:2      | Reached ** piety under Trog
  2214 | D:3      | Reached skill level 1 in Throwing
  2350 | D:3      | Reached XP level 4. HP: 38/41 MP: 3/3
  3258 | D:4      | Found a shimmering altar of Xom.
  3381 | D:4      | Reached XP level 5. HP: 41/47 MP: 4/4
  3419 | D:4      | Found a stormy altar of Qazlal.
  3458 | D:4      | Reached skill level 5 in Fighting
  3458 | D:4      | Reached skill level 5 in Axes
  3671 | D:4      | Noticed Natasha
  3677 | D:4      | Reached *** piety under Trog
  3677 | D:4      | Reached XP level 6. HP: 52/56 MP: 5/5
  3684 | D:4      | Killed Natasha
  3784 | D:4      | Found a white marble altar of Elyvilon.
  4048 | D:4      | Noticed Natasha
  4054 | D:4      | Killed Natasha
  4060 | D:5      | Entered Level 5 of the Dungeon
  4109 | D:5      | Found an ornate altar of the Wu Jian Council.
  4109 | D:5      | Found a basalt altar of Yredelemnul.
  4109 | D:5      | Found a shattered altar of Ashenzari.
  4502 | D:5      | Reached XP level 7. HP: 63/63 MP: 6/6
  4820 | D:5      | Got a shimmering turquoise ring
  5693 | D:6      | Reached XP level 8. HP: 71/71 MP: 7/7
  5745 | D:6      | Found a staircase to the Ecumenical Temple.
  5756 | Temple   | Entered the Ecumenical Temple
  5758 | Temple   | Identified the ring "Nuatz" {*Slow rF++ rC+ MP+9 Dex+3}
                  | (You found it on level 5 of the Dungeon)
  6006 | D:6      | Found a runed translucent gate.
  6006 | D:6      | Found a runed translucent gate.
  6006 | D:6      | Found a runed translucent gate.
  6006 | D:6      | Noticed reptisaurus's ghost (novice SpTm)
  6007 | D:6      | Noticed mordus's ghost (novice FoFi)
  6018 | D:6      | Reached skill level 5 in Armour
  6024 | D:6      | Reached **** piety under Trog
  6091 | D:6      | Killed mordus's ghost
  6091 | D:6      | Reached skill level 5 in Dodging
  6100 | D:6      | Killed reptisaurus's ghost
  6100 | D:6      | Reached XP level 9. HP: 77/82 MP: 8/8
  6240 | D:7      | Found Xegoi's Weapon Emporium.
  6292 | D:7      | Found a bloodstained altar of Trog.
  6642 | D:7      | Found an ancient bone altar of Kikubaaqudgha.
  6894 | D:8      | Reached skill level 5 in Throwing
  6986 | D:8      | Found an iron altar of Okawaru.
  6999 | D:8      | Found a sand-covered staircase.
  7017 | Ossuary  | Entered an ossuary
  7116 | Ossuary  | Reached ***** piety under Trog
  7309 | Ossuary  | Noticed Menkaure
  7317 | Ossuary  | Killed Menkaure
  7351 | Ossuary  | Gained mutation: You are robust. (+10% HP) [potion of
                  | mutation]
  7351 | Ossuary  | Gained mutation: You are partially covered in thin metallic
                  | scales. (AC +2) [potion of mutation]
  7352 | Ossuary  | Lost mutation: You are robust. (+10% HP) [potion of
                  | mutation]
  7352 | Ossuary  | Lost mutation: You are partially covered in thin metallic
                  | scales. (AC +2) [potion of mutation]
  7352 | Ossuary  | Gained mutation: Scrolls take you a little longer to read.
                  | [potion of mutation]
  7352 | Ossuary  | Gained mutation: You have large cloven feet. [potion of
                  | mutation]
  7352 | Ossuary  | Gained mutation: You are resistant to hostile enchantments.
                  | (MR+) [potion of mutation]
  7353 | Ossuary  | Lost mutation: You are resistant to hostile enchantments.
                  | (MR+) [potion of mutation]
  7353 | Ossuary  | Lost mutation: You have large cloven feet. [potion of
                  | mutation]
  7353 | Ossuary  | Lost mutation: Scrolls take you a little longer to read.
                  | [potion of mutation]
  7353 | Ossuary  | Gained mutation: You tend to lose your temper in combat.
                  | [potion of mutation]
  7353 | Ossuary  | Gained mutation: Your spells are a little easier to cast,
                  | but a little less powerful. [potion of mutation]
  7353 | Ossuary  | Gained mutation: You have an increased reservoir of magic.
                  | (+10% MP) [potion of mutation]
  7354 | Ossuary  | Lost mutation: You tend to lose your temper in combat.
                  | [potion of mutation]
  7354 | Ossuary  | Lost mutation: Your spells are a little easier to cast, but
                  | a little less powerful. [potion of mutation]
  7354 | Ossuary  | Gained mutation: You are robust. (+10% HP) [potion of
                  | mutation]
  7354 | Ossuary  | Gained mutation: You passively map a small area around you.
                  | [potion of mutation]
  7578 | D:8      | Reached skill level 10 in Fighting
  7578 | D:8      | Reached XP level 10. HP: 102/102 MP: 0/10
  7580 | D:8      | Reached skill level 10 in Axes
  7895 | D:8      | Noticed a +0 dagger
  7895 | D:8      | Noticed a +0 hand axe
  7905 | D:8      | Found a hide-covered altar of Uskayaw.
  8479 | D:9      | Received a gift from Trog
  8479 | D:9      | Reached skill level 2 in Shields
  8591 | D:9      | Got a masterwork dire flail {god gift}
  8592 | D:9      | Identified the +8 dire flail "Weasulav" {flame, *Corrode
                  | Int+5} (Trog gifted it to you on level 9 of the Dungeon)
  8610 | D:9      | Reached skill level 3 in Shields
  8621 | D:9      | Reached skill level 4 in Shields
  9117 | D:10     | Entered Level 10 of the Dungeon
  9149 | D:10     | Reached skill level 5 in Shields
  9360 | D:10     | Noticed Fannar
  9377 | D:10     | Killed Fannar
  9377 | D:10     | Reached skill level 7 in Shields
  9729 | D:10     | Reached skill level 8 in Shields
  9780 | D:10     | Identified the Collected Works on Unholy Magic and
                  | Intoxication
  9781 | D:10     | Noticed a two-headed ogre
  9788 | D:10     | Killed a two-headed ogre
  9788 | D:10     | Reached skill level 9 in Shields
 10170 | D:11     | Reached XP level 11. HP: 81/111 MP: 11/11
 10422 | D:11     | Found a staircase to the Lair.
 10462 | D:11     | Reached skill level 10 in Shields
 11319 | D:11     | Received a gift from Trog
 11492 | D:11     | Reached skill level 11 in Shields
 11792 | D:11     | Found a runed translucent door.
 11796 | D:11     | Noticed dickylongcocking's ghost (journeyman HuIE)
 11797 | D:11     | Identified the +5 trident of Vauhuatt {freeze, +Blink rF+}
 11879 | D:11     | Killed dickylongcocking's ghost
 12472 | D:12     | Paralysed by a hornet for 3 turns
 12608 | D:12     | Noticed a two-headed ogre
 12615 | D:12     | Killed a two-headed ogre
 12714 | D:12     | Noticed a red ugly thing
 12727 | D:12     | Killed a red ugly thing
 13136 | D:12     | Found a staircase to the Orcish Mines.
 13661 | D:13     | Reached XP level 12. HP: 121/121 MP: 12/12
 13827 | D:13     | Found a gate leading to a gauntlet.
 13944 | D:13     | Found an iron altar of Okawaru.
 14353 | D:14     | Reached skill level 12 in Shields
 14914 | D:14     | Noticed a centaur warrior
 14924 | D:14     | Killed a centaur warrior
 15081 | D:14     | Noticed a centaur warrior
 15091 | D:14     | Killed a centaur warrior
 15337 | D:14     | Noticed an ettin
 15337 | D:14     | a slime creature changed into an ettin
 15346 | D:14     | Noticed a queen ant
 15346 | D:14     | an ettin changed into a queen ant
 15350 | D:14     | Noticed a minotaur
 15350 | D:14     | a queen ant changed into a minotaur
 15352 | D:14     | Noticed a queen ant
 15352 | D:14     | a minotaur changed into a queen ant
 15354 | D:14     | Noticed a great orb of eyes
 15354 | D:14     | a queen ant changed into a great orb of eyes
 15358 | D:14     | Noticed an anaconda
 15358 | D:14     | a great orb of eyes changed into an anaconda
 15361 | D:14     | an anaconda changed into a shining eye
 15565 | D:14     | Found a gate to the Vaults.
 15721 | D:15     | Entered Level 15 of the Dungeon
 16061 | D:15     | Received a gift from Trog
 16062 | D:15     | Noticed a five-headed hydra
 16064 | D:15     | Got a sapphire broad axe {god gift}
 16065 | D:15     | Identified the +11 broad axe of Dullness {flame, +Inv
                  | Str+4} (Trog gifted it to you on level 15 of the Dungeon)
 16072 | D:15     | Killed a four-headed hydra
 16072 | D:15     | Reached XP level 13. HP: 130/130 MP: 13/13
 16202 | D:15     | Reached skill level 13 in Shields
 16213 | D:15     | Got a crude ruby amulet
 16215 | D:15     | Identified the amulet "Ufrusyg" {RegenMP Int+3} (You found
                  | it on level 15 of the Dungeon)
 16963 | D:15     | Found a staircase to the Depths.
 17112 | Lair:1   | Entered Level 1 of the Lair of Beasts
 17963 | Lair:2   | Received a gift from Trog
 18052 | Lair:2   | Reached skill level 10 in Armour
 18086 | Lair:2   | Found a staircase to the Swamp.
 18134 | Lair:2   | Found a staircase to the Snake Pit.
 18761 | Lair:2   | Reached skill level 14 in Shields
 18895 | Lair:3   | Reached XP level 14. HP: 137/143 MP: 14/14
 18941 | Lair:3   | Got a crude hat
 18947 | Lair:3   | Identified the +0 hat of Vehumet's Esteem {rF- Str+2
                  | Stlth+} (You found it on level 3 of the Lair of Beasts)
 19747 | Lair:4   | Identified a scroll of acquirement
 20273 | Lair:4   | Found a dark tunnel.
 20482 | Lair:5   | Noticed Sonja
 20485 | Lair:5   | Received a gift from Trog
 20494 | Lair:5   | Cast into level 1 of the Abyss (Sonja)
 20543 | Abyss:2  | Noticed a lich
 20552 | Abyss:3  | Noticed a starcursed mass
 20552 | Abyss:3  | Noticed a tentacled starspawn
 20552 | Abyss:3  | Noticed a starcursed mass
 20556 | Abyss:3  | Paralysed by accursed screaming for 1 turns
 20590 | Lair:5   | Escaped the Abyss
 20604 | Lair:5   | Killed Sonja
 20624 | Lair:5   | Got a scorched broad axe {god gift}
 20625 | Lair:5   | Identified the +11 broad axe of Fortitude {vorpal, rN+}
                  | (Trog gifted it to you on level 5 of the Lair of Beasts)
 20863 | Lair:5   | Reached skill level 15 in Shields
 21048 | Lair:5   | Found a staircase to the Slime Pits.
 21048 | Lair:5   | Found a viscous altar of Jiyva.
 21451 | Lair:6   | Entered Level 6 of the Lair of Beasts
 21513 | Lair:6   | Reached skill level 10 in Dodging
 22377 | Lair:6   | Received a gift from Trog
 22381 | Lair:6   | Got a steaming hand axe {god gift}
 22382 | Lair:6   | Identified the +13 hand axe of Defence {flame, rC+} (Trog
                  | gifted it to you on level 6 of the Lair of Beasts)
 22487 | Lair:6   | Reached XP level 15. HP: 124/152 MP: 15/15
 22730 | Lair:6   | Reached skill level 15 in Fighting
 22742 | Lair:6   | Reached skill level 16 in Shields
 22775 | Lair:6   | Reached skill level 15 in Axes
 23615 | Orc:1    | Entered Level 1 of the Orcish Mines
 23669 | Orc:2    | Entered Level 2 of the Orcish Mines
 24002 | Orc:2    | Found Huocryl's Jewellery Emporium.
 24087 | Orc:2    | Found Quroips's Antique Weapon Shop.
 24232 | Orc:2    | Received a gift from Trog
 24284 | Orc:2    | Found a runed translucent gate.
 24284 | Orc:2    | Found a runed translucent gate.
 24284 | Orc:2    | Found a runed translucent gate.
 24289 | Orc:2    | Noticed shummie's ghost (journeyman DDFi)
 24289 | Orc:2    | Noticed jejorda2's ghost (journeyman MfVM)
 24289 | Orc:2    | Noticed Magic41's ghost (journeyman MiFi)
 24306 | Orc:2    | Killed jejorda2's ghost
 24312 | Orc:2    | Killed shummie's ghost
 24312 | Orc:2    | Reached skill level 17 in Shields
 24319 | Orc:2    | Killed Magic41's ghost
 24365 | Orc:2    | Found a roughly hewn altar of Beogh.
 24421 | Orc:2    | Found Pyicw's Antique Armour Shop.
 24554 | Orc:2    | Found Fualio's General Store.
 24562 | Orc:2    | Bought a scroll of identify for 28 gold pieces
 24562 | Orc:2    | Bought a scroll of identify for 28 gold pieces
 24562 | Orc:2    | Bought a scroll of remove curse for 42 gold pieces
 24562 | Orc:2    | Bought a scroll of enchant weapon for 105 gold pieces
 24734 | Orc:2    | Found a staircase to the Elven Halls.
 24904 | Snake:1  | Entered Level 1 of the Snake Pit
 24904 | Snake:1  | Noticed Josephine
 24908 | Snake:1  | Noticed Asterion
 24910 | Snake:1  | Killed Josephine
 24924 | Snake:1  | Killed Asterion
 25738 | Snake:1  | Noticed Agnes
 25743 | Snake:1  | Killed Agnes
 26363 | Snake:2  | Reached XP level 16. HP: 166/166 MP: 16/16
 26676 | Snake:2  | Found Xup Quhe's Distillery.
 26679 | Snake:2  | Bought a potion of flight for 45 gold pieces
 26883 | Snake:3  | Noticed Vashnia
 26894 | Snake:3  | Killed Vashnia
 26894 | Snake:3  | Reached skill level 18 in Shields
 26924 | Snake:3  | Reached skill level 10 in Throwing
 27116 | Snake:3  | Received a gift from Trog
 28234 | Snake:4  | Entered Level 4 of the Snake Pit
 28663 | Snake:4  | Reached skill level 19 in Shields
 28806 | Snake:4  | Noticed Kirke
 28822 | Snake:4  | Killed Kirke
 29046 | Snake:4  | Received a gift from Trog
 29232 | Snake:4  | Reached XP level 17. HP: 177/177 MP: 17/17
 29253 | Snake:4  | Received a gift from Trog
 29283 | Snake:4  | Got a serpentine rune of Zot
 29888 | Snake:4  | Reached skill level 20 in Shields
 30354 | Swamp:1  | Entered Level 1 of the Swamp
 31065 | Swamp:2  | Received a gift from Trog
 31294 | Swamp:2  | Noticed Louise
 31319 | Swamp:2  | Killed Louise
 32034 | Swamp:3  | Noticed a tentacled monstrosity
 32047 | Swamp:3  | Killed a tentacled monstrosity
 32124 | Swamp:3  | Identified the +1 leather armour of Xeig {rN+++}
 32660 | Swamp:4  | Entered Level 4 of the Swamp
 32667 | Swamp:4  | Reached XP level 18. HP: 144/189 MP: 18/18
 33005 | Swamp:4  | Received a gift from Trog
 33052 | Swamp:4  | Reached skill level 21 in Shields
 33064 | Swamp:4  | HP: 8/189 [shambling mangrove (14)]
 33082 | Swamp:4  | Got a decaying rune of Zot
 33388 | Vaults:1 | Entered Level 1 of the Vaults
 33433 | Vaults:1 | Noticed Donald
 33439 | Vaults:1 | Killed Donald
 33764 | Vaults:1 | Reached ****** piety under Trog
 34209 | Vaults:1 | Received a gift from Trog
 34213 | Vaults:1 | Cast into level 2 of the Abyss (a wizard)
 34527 | Vaults:1 | Escaped the Abyss
 34548 | Vaults:1 | Cast into level 2 of the Abyss (a wizard)
 34548 | Abyss:2  | Found a corrupted altar of Lugonu.
 34698 | Abyss:2  | Noticed a bone dragon
 34710 | Abyss:2  | Killed a bone dragon
 34710 | Abyss:2  | Reached XP level 19. HP: 155/199 MP: 19/19
 34733 | Abyss:2  | Found a corrupted altar of Lugonu.
 34872 | Abyss:2  | Received a gift from Trog
 34890 | Vaults:1 | Escaped the Abyss
 35253 | Vaults:1 | Got the +0 hat of Uskayaw's Inspiration {SInv}
 36011 | Vaults:2 | Received a gift from Trog
 36541 | Vaults:2 | Found a staircase to the Crypt.
 36875 | Vaults:3 | Noticed Sojobo
 36902 | Vaults:3 | Killed Sojobo
 36906 | Vaults:3 | Killed from afar by a crystal guardian

Illustrated notes

Levels and vault maps discovered:
D:1:      minmay_arrival_nine_rooms, layout_basic, serial_forest,
          infiniplex_forest_lined_2, infiniplex_forest_end_double,
          infiniplex_forest_clump_curved, infiniplex_forest_zigzag_2,
          infiniplex_forest_fountain, infiniplex_forest_lined_corner,
          infiniplex_forest_zigzag_1
D:2:      layout_basic, nicolae_ru_awakened_eye, old_standard_altar
D:3:      layout_basic, first_ration
D:4:      layout_loops_corners, elyvilon_altar_4, tgw_xom, old_standard_altar,
          uniq_natasha
D:5:      layout_loops_corners, gammafunk_temple_overflow_claw
D:6:      layout_basic, minmay_temple_entry_hall, gammafunk_ghost_cemetery
D:7:      layout_gridville, bloody_trog, kiku_gazebo_garden_becter,
          serial_shops, shop, kennysheep_generic_room_2
D:8:      layout_basic, dancing_weapons_uskayaw, nicolae_ossuary_entry_ruins,
          basic_altar
D:9:      layout_long_grid
D:10:     kennysheep_steamy, layout_basic, uniq_fannar
D:11:     layout_loops_ring, erik_lair_island, portal_ice_cave_entry_ice_beasts,
          ebering_ghost_funeral_grove
D:12:     layout_stronghold, david_orc_3, hangedman_fish_farm, bh_circular_ruins
D:13:     layout_irregular_city, basic_altar, gauntlet_entry_generic,
          st_stairs_12
D:14:     layout_long_grid, david_vaults_4, kennysheep_donut
D:15:     gammafunk_enter_depths_forms, layout_irregular_city,
          chequers_mini_garden
Temple:   minmay_temple_curvy_loop
Lair:1:   layout_hall_layers, serial_forest, infiniplex_forest_clump_long,
          infiniplex_forest_end_2, infiniplex_forest_end_2,
          infiniplex_forest_lined_3, infiniplex_forest_clump_small,
          infiniplex_forest_corner_1, infiniplex_forest_clump_diagonal,
          infiniplex_forest_lined_2, minmay_holes, grunt_megastairs_2
Lair:2:   layout_chaotic_city, minmay_swamp_entry_swarm,
          guppyfry_snake_entry_island
Lair:3:   layout_regular_city, serial_bayou_shore_b, infiniplex_staircase_pool
Lair:4:   layout_roguey, nicolae_volcano_entry_batcave
Lair:5:   layout_roguey, slime_altar_1, lemuel_fruit_tree,
          infiniplex_staircase_pool_2, serial_bayou_shore_a, uniq_sonja
Lair:6:   grunt_lair_end_beastmaster, layout_cave_pods,
          minmay_lair_oklob_chamber
Swamp:1:  layout_basic_swamp, nicolae_swamp_dense_foliage
Swamp:2:  layout_falls_marsh, wheals_swamp_sinkhole, uniq_louise
Swamp:3:  layout_falls_marsh, nicolae_swamp_little_tower
Swamp:4:  swamp, layout_basic_swamp
Snake:1:  layout_grid_maze, special_room, uniq_asterion, uniq_josephine,
          uniq_agnes
Snake:2:  layout_gridlike, serial_shops, nicolae_shop_behind_doors,
          serial_curves, eino_curves_04, eino_curves_04
Snake:3:  layout_rooms, guppyfry_library_mini, uniq_vashnia
Snake:4:  snake_pit, layout_cave_town, st_stairs_1, grunt_megastairs_3,
          uniq_kirke
Orc:1:    layout_diamond_mine
Orc:2:    grunt_orc_gardens, layout_diamond_mine, grunt_orc_garden,
          grunt_orc_garden, grunt_orc_garden, grunt_orc_garden,
          gammafunk_ghost_cemetery, mines1_david
Vaults:1: hangedman_vaults_pinch, ontoclasm_vaults_claustrophobia, v_misc_33,
          nicolae_vaults_circle_grid_a, v_misc_4, nicolae_vaults_big_ls,
          dpeg_vaults_monster_box, vaults_mumra_minichess,
          vaults_room_stairs_pillars, serial_ice_b, layout_vaults_quadrants,
          uniq_donald
Vaults:2: minmay_crypt_entry_nasty_monster, hangedman_vaults_snaps,
          ontoclasm_vaults_decontamination, nicolae_vaults_network_barrier,
          nicolae_vaults_hallways_thing, vaults_room_semicircle, v_pattern_3,
          vaults_standard_mumra_lines, hangedman_vaults_slither,
          hangedman_vaults_maws, nicolae_vaults_little_squares_6,
          layout_vaults_ring
Vaults:3: v_misc_15, nicolae_vaults_specimen_jars,
          nicolae_vaults_ring_of_whatevers, hangedman_vaults_corner,
          vaults_room_door_hall, nicolae_vaults_angled_halls,
          layout_vaults_chaotic_city, uniq_sojobo

Skill      XL: |  1  2  3  4  5  6  7  8  9 10 11 12 13 14 15 16 17 18 19 |
---------------+----------------------------------------------------------+-----
Fighting       | 4 5 6 8 10 11 12 13 14 16 17 18 19 | 19.4
Axes           | 4 5 6 8 9 10 11 12 13 14 15 16 17 18 19 | 19.3
Throwing       | 1 2 3 4 5 6 7 8 9 10 11 12 | 12.2
Armour         | 3 4 5 6 7 8 9 10 11 12 13 14 | 14.4
Dodging        | 3 4 5 6 7 8 9 10 11 12 13 | 13.5
Shields        | 9 11 12 14 15 17 19 20 21 | 21.9

Action                   |  1- 3 |  4- 6 |  7- 9 | 10-12 | 13-15 | 16-18 | 19-21 || total
-------------------------+-------+-------+-------+-------+-------+-------+-------++-------
Melee: Hand axe          |    96 |   116 |   376 |   333 |       |       |       ||   921
       Headbutt          |    15 |    25 |    76 |   170 |   139 |   256 |    67 ||   748
       War axe           |       |       |       |   417 |       |       |       ||   417
       Broad axe         |       |       |       |     1 |   643 |   941 |   247 ||  1832
Throw: Boomerang         |       |       |       |   127 |    86 |   113 |     7 ||   333
       Throwing net      |       |       |       |     2 |       |       |       ||     2
Invok: Berserk           |       |     2 |     8 |    11 |     6 |     5 |     3 ||    35
       Trog's Hand       |       |     1 |     3 |     8 |     4 |    11 |     3 ||    30
       Brothers in Arms  |       |       |       |     1 |     1 |     2 |     1 ||     5
  Use: Scroll            |       |       |     5 |     2 |    15 |    11 |     3 ||    36
       Potion            |       |       |     4 |       |       |     5 |       ||     9
 Stab: Petrified         |       |       |       |       |     2 |       |       ||     2
       Confused          |       |       |       |       |       |     1 |       ||     1
       Distracted        |       |       |       |       |       |       |     1 ||     1
  Eat: Chunk             |     4 |     8 |    13 |    34 |    29 |    18 |     9 ||   115
       Ration            |       |       |     2 |     3 |     3 |     6 |     1 ||    15
Armor: Animal skin       |     4 |       |       |       |       |       |       ||     4
       Chain mail        |    61 |    14 |       |       |       |       |       ||    75
       Plate armour      |       |    60 |   191 |   274 |   182 |       |       ||   707
       Crystal plate arm |       |       |       |       |    28 |   331 |    91 ||   450
Dodge: Dodged            |    42 |    46 |   129 |   202 |   149 |   207 |    50 ||   825
Block: Other             |       |       |    43 |    39 |       |       |       ||    82
       Kite shield       |       |       |       |   624 |   743 |   506 |       ||  1873
       Reflection        |       |       |       |    23 |    40 |    90 |       ||   153
       Tower shield      |       |       |       |       |       |   514 |   241 ||   755
